 Dungeon Crawl Stone Soup version 0.31-a0-675-g238779eb0a (webtiles) character file.

Game seed: 11735746113699632222

4165 Xavori the Covert (level 10, -1/74 HPs)
             Began as an Octopode Chaos Knight on Sept 6, 2023.
             Was a Plaything of Xom.
             Slain by a killer bee (7 damage)
             ... on level 8 of the Dungeon.
             The game lasted 00:07:30 (10506 turns).

Xavori the Covert (Octopode Chaos Knight)          Turns: 10506, Time: 00:07:31

Health: -1/74      AC:  9    Str: 12    XL:     10   Next: 28%
Magic:  0/10       EV: 15    Int: 15    God:    Xom [....*.]
Gold:   392        SH:  6    Dex: 15    Spells: 9/9 levels left

rFire   + . .        t - +4 rapier (flame)
rCold   + . .        y - +2 buckler
rNeg    . . .        (helmet currently unavailable)
rPois   +            n - amulet of guardian spirit
rElec   +            i - ring of see invisible
rCorr   +            k - +4 ring of protection
SInv    +            F - ring of poison resistance
Will    .....        (no ring)
Stlth   +++++        (no ring)
HPRegen 0.32/turn    (no ring)
MPRegen 0.12/turn    (no ring)
                     (no ring)

%: clarity, guardian spirit
@: mighty, beast-form, resistant
A: beast (slay +1), almost no armour, amphibious, 8 rings, camouflage 1,
gelatinous body 1, (nimble swimmer 1), tentacles, iridescent scales 2, clarity,
robust 1, MP-powered wands
a: Begin Untransformation, Renounce Religion


You were on level 8 of the Dungeon.
You worshipped Xom.
You were a beloved toy of Xom.
You were a hulking beast.
You visited 1 branch of the dungeon, and saw 8 of its levels.
You also visited: Bailey.

You collected 392 gold pieces.

Inventory:

Hand Weapons
 a - a +0 short sword of chaos
 e - a +0 short sword of venom
 t - a +4 rapier of flaming (weapon)
Missiles
 f - 6 curare-tipped darts (quivered)
 A - a throwing net
Armour
 y - a +2 buckler (worn)
 z - a +0 buckler
Jewellery
 i - a ring of see invisible (left tentacle)
 k - a +4 ring of protection (right tentacle)
 n - an amulet of guardian spirit (around mantle)
 F - a ring of poison resistance (on tentacle)
Talismans
 D - a beast talisman (active)
Wands
 o - a wand of quicksilver (7)
 u - a wand of iceblast (18)
Scrolls
 b - a scroll of butterflies
 d - 3 scrolls of vulnerability
 h - a scroll of fog
 j - a scroll of amnesia
 l - a scroll of immolation
 m - 2 scrolls of blinking
 p - a scroll of fear
 q - 2 scrolls of silence
 s - 3 scrolls of revelation
 x - a scroll of enchant weapon
 B - a scroll of summoning
 C - a scroll of noise
 E - a scroll of brand weapon
 G - 3 scrolls of teleportation
Potions
 r - a potion of enlightenment
 v - 2 potions of might
 H - a potion of cancellation {unknown}
 I - a potion of magic {unknown}
 J - a potion of heal wounds {unknown}


   Skills:
 + Level 6.1 Fighting
 + Level 8.3 Short Blades
 + Level 5.4 Dodging
 + Level 9.5 Stealth
 + Level 1.5 Shields
 * Level 6.3 Evocations
 * Level 3.4 Shapeshifting


You had 9 spell levels left.
You didn't know any spells.
Your spell library contained the following spells:

 Spells                   Type           Power      Damage    Failure   Level
 Ozocubu's Armour         Ice            0%         N/A       75%         3
 Metabolic Englaciation   Hex/Ice        0%         N/A       100%        5
 Simulacrum               Ice/Necr       0%         N/A       100%        6


Dungeon Overview and Level Annotations

Branches:
Dungeon (8/15)             Temple (0/1) D:7          Bailey (visited)
   Lair: D:8-11

Altars:
Dithmenos
Elyvilon
Okawaru
Sif Muna
Trog
Xom

Shops:
D:6 (


Innate Abilities, Weirdness & Mutations

You are a hulking beast.
Your limbs bulge with bestial killing power. (Slay +1)
You cannot wear most types of armour.
You are amphibious.
You can wear up to eight rings at the same time.
Your skin changes colour to match your surroundings (Stealth+).
Your rubbery body absorbs attacks. (AC +1, EV +1)
((You are camouflaged when in or above water. (Stealth+)))
You have tentacles for arms and can constrict up to eight enemies at once.
You are mostly covered in iridescent scales. (AC +4)
You possess an exceptional clarity of mind.
You are robust. (+10% HP)
You expend magic power (3 MP) to strengthen your wands.


Message History

Xom thinks this is hilarious!
You constrict the killer bee.
* * * LOW HITPOINT WARNING * * *
You feel very sick. The killer bee barely misses you.
The killer bee misses you. The killer bee barely misses you.
You block the killer bee's attack. The killer bee closely misses you.
You block the killer bee's attack.
It was a potion of curing.
You feel better.
Xom thinks this is hilarious!
You constrict the killer bee. You block the killer bee's attack. x2
The killer bee stings you.
* * * LOW HITPOINT WARNING * * *
The killer bee completely misses you. The killer bee stings you!
* * * LOW HITPOINT WARNING * * *
The killer bee closely misses you.
It was a potion of resistance.
You feel protected.
Xom thinks this is hilarious!
You constrict the killer bee.
You kill the killer bee!
The killer bee closely misses you.
The killer bee stings you but does no damage.
You block the killer bee's attack.
The killer bee stings you but does no damage.
You feel better. You block the killer bee's attack.
The killer bee closely misses you. x2
The killer bee stings you but does no damage.
You puncture the killer bee! You burn the killer bee. You grab the killer bee.
Your squeeze misses the killer bee.
The killer bee is heavily wounded.
You constrict the killer bee. The killer bee closely misses you.
The killer bee barely misses you.
You miss the killer bee. Your grab misses the killer bee.
Your squeeze misses the killer bee. You constrict the killer bee.
The killer bee stings you.
* * * LOW HITPOINT WARNING * * *
You block the killer bee's attack. The killer bee stings you.
* * * LOW HITPOINT WARNING * * *
The killer bee stings you!
You die...

, , * *
############,
...........#,
**#.$<...+ ,
#§§§.§.# ,
#§§§§..# ,
#§§hy§.#
####y..# .§.#
...# , ...#
*...# ...# *
#### ,


You could see 2 killer bees.

Vanquished Creatures
  A gargoyle (Bailey)
  3 yaks (D:7)
  A vampire (Bailey)
  Edmund (D:4)
  Duvessa (D:4)
  2 water moccasins (D:7)
  2 black bears
  An ice beast (D:7)
  2 ogres (D:5)
  An orc warrior (D:6)
  2 centaurs (D:7)
  3 phantoms
  A bullfrog (D:5)
  Dowan (D:4)
  4 killer bees (D:8)
  3 howler monkeys
  10 vampire bats (Bailey)
  4 wolf zombies (Bailey)
  2 orc priests
  A gnoll bouda (D:7)
  7 hounds
  6 iguanas
  Terence (D:2)
  2 sleepcaps (D:5)
  Crazy Yiuf (D:2)
  Jessica (D:3)
  Natasha (thrice) (D:2)
  10 gnolls
  10 adders
  5 ufetubi
  A worm (D:4)
  A dart slug (D:2)
  14 orcs
  9 endoplasms
  2 giant cockroaches (D:1)
  8 goblins
  7 hobgoblins
  2 jackals (D:2)
  6 kobolds
  3 quokkas
  6 ball pythons
  4 bats
  5 frilled lizards
  21 orc zombies (Bailey)
  7 rats
188 creatures vanquished.

Vanquished Creatures (collateral kills)
  A kobold (D:4)
1 creature vanquished.

Vanquished Creatures (others)
  A yak (D:7)
1 creature vanquished.

Grand Total: 190 creatures vanquished

Notes
Turn   | Place    | Note
-------+----------+-------------------------------------------
     0 | D:1      | Xavori the Octopode Chaos Knight began the quest for the
                  | Orb.
     0 | D:1      | Reached XP level 1. HP: 16/16 MP: 1/1
    51 | D:1      | Reached XP level 2. HP: 19/21 MP: 2/2
   321 | D:1      | XOM: silly message
   405 | D:1      | Reached XP level 3. HP: 20/26 MP: 3/3
   423 | D:1      | XOM: divination: detect creatures
   445 | D:1      | XOM: divination: detect creatures
   553 | D:2      | XOM: silly message
   604 | D:2      | XOM: 1-stop teleportation journey
   627 | D:2      | Reached skill level 1 in Stealth
   647 | D:2      | Reached XP level 4. HP: 27/31 MP: 4/4
   898 | D:2      | Noticed Natasha
   904 | D:2      | Killed Natasha
   905 | D:2      | Reached skill level 2 in Stealth
   947 | D:2      | Noticed Natasha
   955 | D:2      | Killed Natasha
   956 | D:2      | Reached XP level 5. HP: 33/37 MP: 5/5
   995 | D:2      | Noticed Terence
  1005 | D:2      | Killed Terence
  1066 | D:2      | Noticed Natasha
  1079 | D:2      | Killed Natasha
  1080 | D:2      | Reached skill level 3 in Stealth
  1277 | D:2      | Found a runed translucent door.
  1278 | D:2      | Noticed Crazy Yiuf
  1319 | D:2      | Killed Crazy Yiuf
  1397 | D:2      | XOM: silly message
  1520 | D:3      | XOM: cloud trail
  1624 | D:3      | XOM: god gift: scroll labelled XEZIJU CIDATH {god gift}
  1670 | D:3      | Reached XP level 6. HP: 43/43 MP: 6/6
  1717 | D:3      | XOM: 1-stop teleportation journey
  1795 | D:3      | Noticed Jessica
  1800 | D:3      | Killed Jessica
  1828 | D:3      | Reached skill level 4 in Stealth
  1842 | D:3      | Found a faded altar of an unknown god.
  1903 | D:3      | You fall into a shaft and drop 1 floor!
  1908 | D:4      | Found a shimmering blue altar of Sif Muna.
  1926 | D:4      | Found a white marble altar of Elyvilon.
  1927 | D:4      | Noticed Dowan
  1928 | D:4      | Noticed Duvessa
  1936 | D:4      | XOM: divination: detect creatures
  1942 | D:4      | Killed Dowan
  1945 | D:4      | Killed Duvessa
  1946 | D:4      | Reached skill level 5 in Short Blades
  2049 | D:4      | Reached skill level 5 in Stealth
  2049 | D:4      | Reached XP level 7. HP: 49/49 MP: 7/7
  2290 | D:4      | XOM: stat loss: -1 Str (11/12)
  2354 | D:4      | XOM: fog
  2633 | D:4      | Reached skill level 1 in Evocations
  2827 | D:4      | Noticed Edmund
  2836 | D:4      | Killed Edmund
  2865 | D:4      | Reached skill level 6 in Stealth
  2963 | D:5      | Entered Level 5 of the Dungeon
  2965 | D:5      | Reached XP level 8. HP: 54/54 MP: 8/8
  3060 | D:5      | Found a bloodstained altar of Trog.
  3145 | D:5      | Found a shadowy altar of Dithmenos.
  3162 | D:5      | Reached skill level 5 in Fighting
  3402 | D:5      | XOM: divination: magic mapping
  3413 | D:5      | Reached skill level 7 in Stealth
  3506 | D:5      | XOM: draining
  4839 | D:3      | XOM: noise
  5070 | D:3      | XOM: 9-stop teleportation journey
  5213 | D:3      | Found an iron altar of Okawaru.
  7265 | D:3      | XOM: summons 5 hostile demons
  7266 | D:3      | Noticed a smoke demon
  7266 | D:3      | Noticed a hellwing
  7308 | D:4      | XOM: summons 2 hostile demons
  7309 | D:4      | Noticed a sun demon
  7970 | D:3      | XOM: scenery: create altars
  8433 | D:3      | XOM: give mutations
  8433 | D:3      | Gained mutation: You are partially covered in iridescent
                  | scales. (AC +2) [Xom's grace]
  8433 | D:3      | Gained mutation: You are robust. (+10% HP) [Xom's grace]
  8433 | D:3      | Gained mutation: Your muscles are strong. (Str +4, Int/Dex
                  | -1) [Xom's grace]
  8433 | D:3      | Gained mutation: You are mostly covered in iridescent
                  | scales. (AC +4) [Xom's grace]
  8447 | D:3      | XOM: give mutations
  8447 | D:3      | Gained mutation: You expend magic power (3 MP) to
                  | strengthen your wands. [Xom's grace]
  8447 | D:3      | Gained mutation: You passively map a small area around you.
                  | [Xom's grace]
  8447 | D:3      | Gained mutation: You possess an exceptional clarity of
                  | mind. [Xom's grace]
  8578 | D:6      | Reached skill level 8 in Stealth
  8578 | D:6      | Reached XP level 9. HP: 67/67 MP: 9/9
  8629 | D:6      | Found Qusexzor's Antique Weapon Shoppe.
  8638 | D:6      | XOM: enchant monster (good)
  9364 | D:7      | Reached skill level 1 in Shapeshifting
  9392 | D:7      | Found a flagged portal.
  9404 | Bailey   | Entered a bailey
  9561 | Bailey   | Noticed a gargoyle
  9568 | Bailey   | Killed a gargoyle
  9679 | Bailey   | XOM: god gift: wand of iceblast (5)
  9729 | Bailey   | Reached skill level 5 in Evocations
  9775 | Bailey   | Reached skill level 9 in Stealth
  9780 | Bailey   | XOM: summons 3 hostile demons
  9936 | Bailey   | XOM: stat loss: -1 Dex (13/14)
 10047 | D:7      | Found a staircase to the Ecumenical Temple.
 10084 | D:7      | Reached skill level 5 in Dodging
 10131 | D:7      | XOM: polymorph howler monkey -> centaur
 10138 | D:7      | Reached XP level 10. HP: 74/74 MP: 10/10
 10139 | D:7      | XOM: smoke on damage
 10144 | D:7      | XOM: divination: detect creatures
 10145 | D:7      | XOM: divine lightning
 10146 | D:7      | Reached skill level 1 in Shields
 10149 | D:7      | XOM: 1-stop teleportation journey
 10499 | D:8      | XOM: fog
 10501 | D:8      | Lost mutation: You possess an exceptional clarity of mind.
                  | [potion of mutation]
 10501 | D:8      | Lost mutation: You passively map a small area around you.
                  | [potion of mutation]
 10501 | D:8      | Lost mutation: Your muscles are strong. (Str +4, Int/Dex
                  | -1) [potion of mutation]
 10501 | D:8      | Gained mutation: You possess an exceptional clarity of
                  | mind. [potion of mutation]
 10506 | D:8      | Slain by a killer bee

Illustrated notes

Levels and vault maps discovered:
D:1:      grunt_arrival_lava_bath, layout_rooms, minmay_tetromino_t4
D:2:      layout_basic, uniq_crazy_yiuf_cottage, uniq_terence, uniq_natasha
D:3:      layout_basic, mainiacjoe_overflow_alcove_1,
          shapermc_ecumenical_altar_totnotflames, minmay_goblin_kobold_house,
          uniq_jessica
D:4:      layout_basic, mainiacjoe_overflow_catwalk_spiral, uniq_edmund,
          uniq_duvessa
D:5:      minmay_bubble_buster, layout_basic,
          nicolae_dithmenos_through_a_glass_darkly, lightli_temple_of_fire,
          corexii_corridor_pit
D:6:      layout_layer_cave, nicolae_overflow_hidden_temple, serial_shops,
          nicolae_square_shop, serial_park_tiny_2
D:7:      layout_rooms, minmay_temple_entry_tees, enter_bailey_3
D:8:      layout_basic, marbit_many_paths, dpeg_oklobed_lair,
          chequers_serial_rivers_small_3, nicolae_water_bricks, uniq_grum

Skill      XL: |  1  2  3  4  5  6  7  8  9 10 |
---------------+-------------------------------+-----
Stealth        | 1 2 3 5 6 8 9 |  9.5
Short Blades   | 4 5 7 8 |  8.3
Dodging        | 3 4 5 |  5.4
Fighting       | 4 5 6 |  6.1
Evocations     | 2 3 5 6 |  6.3
Shapeshifting  | 2 3 |  3.4
Shields        | 1 |  1.5

Action                     |  1- 3 |  4- 6 |  7- 9 | 10-12 || total
---------------------------+-------+-------+-------+-------++-------
  Melee: Short sword       |    41 |    81 |       |       ||   122
         Tentacles         |     6 |    15 |    67 |     6 ||    94
         Constrict         |     7 |    19 |    61 |     4 ||    91
         Punch             |     3 |     1 |     2 |       ||     6
         Rapier            |       |     3 |   260 |    40 ||   303
    Use: Scroll            |       |     1 |    11 |     2 ||    14
         Potion            |       |       |     2 |     5 ||     7
   Stab: Sleeping          |     7 |     6 |    32 |     1 ||    46
         Distracted        |       |       |     2 |     3 ||     5
 Armour: Skin              |     9 |    36 |   133 |    43 ||   221
  Dodge: Dodged            |    16 |    33 |   191 |    45 ||   285
  Block: Buckler           |       |       |    42 |    24 ||    66
   Form: Beast             |       |       |     1 |       ||     1

Table legend: (Time is in decaauts)
 A = Elapsed time spent in this place.
 B = Non-inter-level travel time spent in this place.
 C = Inter-level travel time spent in this place.
 D = Time resting spent in this place.
 E = Time spent auto-exploring this place.
 F = Levels seen in this place.
 G = Mean time per level.
                   A        B        C        D        E       F      G
               +--------+--------+--------+--------+--------+-----+--------+
         Total |  10453 |  10176 |    277 |   4599 |   4449 |   9 | 1161.4 |
       Dungeon |   9927 |   9650 |    277 |   4599 |   4102 |   8 | 1240.9 |
        Bailey |    525 |    525 |      0 |      0 |    347 |   1 |  525.0 |
               +--------+--------+--------+--------+--------+-----+--------+

Top non-repeatable levels by time:
     D:3: 5097 daAuts
     D:4: 1142 daAuts
     D:2: 975 daAuts
     D:6: 816 daAuts
     D:5: 764 daAuts
     D:7: 610 daAuts
  Bailey: 525 daAuts
     D:1: 503 daAuts
     D:8: 19 daAuts
